[Event "79th Armenian-HL-ch Women 2024"]
[Site "Yerevan"]
[Date "2024.01.18"]
[Round "7.5"]
[White "Khachatryan, Mariam"]
[Black "Grigoryan, Arpine"]
[Result "0-1"]
[ECO "D35"]
[WhiteElo "1567"]
[BlackElo "2025"]
[Annotator "NA RC"]
[PlyCount "82"]
[EventDate "2024.01.11"]
[EventType "tourn"]
[EventCountry "ARM"]
[SourceTitle "playchess.com"]
[Source "ChessBase"]
[SourceQuality "1"]
[TimeControl "40/5400+30:1800+30"]

1. d4 d5 2. c4 e6 3. Nc3 Nf6 4. cxd5 exd5 5. Bg5 Be7 6. e3 O-O 7. Bd3 Nbd7 8. Nge2 c6 9. O-O Ne4 10. Bf4 f5 11. Qc2 Ndf6 12. f3 Nxc3 13. bxc3 Ne8 14. Rab1 Bd6 15. c4 Nc7 16. Bxd6 Qxd6 17. e4 dxc4 18. Bxc4+ Kh8 19. e5 Qe7 20. f4 b6 21. Rf3 Bb7 22. Bd3 g6 23. Rg3 Ne6 24. Bc4 Rad8 25. Rd1 Rd7 26. h4 Ng7 27. Rg5 Ne6 28. Bxe6 Qxe6 29. h5 Rfd8 30. hxg6 hxg6 31. g4 Rg8 32. d5 Rxd5 33. Nd4 Qe7 34. Kf2 Qh7 35. Kg3 Rgd8 36. Qc3 c5 37. Nxf5 Rxd1 38. e6+ R8d4 39. Nxd4 cxd4 40. Qa3 Rg1+ 41. Kf2 Qh2# 0-1

[Event "79th Armenian-HL-ch Women 2024"]
[Site "Yerevan"]
[Date "2024.01.19"]
[Round "8.1"]
[White "Grigoryan, Arpine"]
[Black "Harutyunyan, Meline"]
[Result "1-0"]
[ECO "C10"]
[WhiteElo "2025"]
[BlackElo "1536"]
[Annotator "NA RC"]
[PlyCount "71"]
[EventDate "2024.01.11"]
[EventType "tourn"]
[EventCountry "ARM"]
[SourceTitle "playchess.com"]
[Source "ChessBase"]
[SourceQuality "1"]
[TimeControl "40/5400+30:1800+30"]

1. e4 e6 2. d4 d5 3. Nd2 dxe4 4. Nxe4 Nd7 5. Nf3 Ngf6 6. Bd3 Nxe4 7. Bxe4 Nf6 8. Bd3 c5 9. Be3 Qc7 10. Qe2 Bd6 11. O-O-O O-O 12. Kb1 a6 13. h4 b5 14. dxc5 Bxc5 15. Ng5 Bxe3 16. fxe3 e5 17. Rdf1 Bg4 18. Qe1 h5 19. Rxf6 gxf6 20. Nh7 f5 21. Nf6+ Kg7 22. Nxg4 fxg4 23. Rf1 Qe7 24. Rf5 Rh8 25. Qg3 Rae8 26. Be4 f6 27. Rxh5 Rxh5 28. Qxg4+ Rg5 29. hxg5 fxg5 30. Qh5 Rh8 31. Qg6+ Kf8 32. b3 b4 33. Qxa6 Rh1+ 34. Kb2 Qc5 35. Qf6+ Ke8 36. Bc6+ 1-0

[Event "79th Armenian-HL-ch Women 2024"]
[Site "Yerevan"]
[Date "2024.01.19"]
[Round "8.2"]
[White "Stepanyan, Alvard"]
[Black "Kobak, Polina"]
[Result "0-1"]
[ECO "B30"]
[WhiteElo "1514"]
[BlackElo "2120"]
[Annotator "NA RC"]
[PlyCount "70"]
[EventDate "2024.01.11"]
[EventType "tourn"]
[EventCountry "ARM"]
[SourceTitle "playchess.com"]
[Source "ChessBase"]
[SourceQuality "1"]
[TimeControl "40/5400+30:1800+30"]

1. e4 c5 2. Nf3 Nc6 3. Bb5 e6 4. Bxc6 bxc6 5. b3 Ne7 6. d3 Ng6 7. Bb2 f6 8. h4 h5 9. e5 Be7 10. Nbd2 d6 11. exd6 Qxd6 12. Ne4 Qd5 13. c4 Qd8 14. Qd2 e5 15. g3 Nf8 16. O-O Bg4 17. Nh2 Bf5 18. f3 Ne6 19. Rae1 Qd7 20. Qe2 Bh3 21. Rf2 O-O-O 22. Qd2 Qxd3 23. Qa5 Qd7 24. a3 Qc7 25. Qa4 f5 26. Nd2 e4 27. Nhf1 f4 28. Rxe4 fxg3 29. Rfe2 g2 30. Ng3 Bd6 31. Be5 Bxe5 32. Rxe5 Rxd2 33. Rxd2 Qxe5 34. Qxc6+ Nc7 35. Kf2 g1=Q+ 0-1

[Event "79th Armenian-HL-ch Women 2024"]
[Site "Yerevan"]
[Date "2024.01.19"]
[Round "8.3"]
[White "Avetisyan, Mariam"]
[Black "Khachatryan, Anna"]
[Result "1-0"]
[ECO "A43"]
[WhiteElo "2043"]
[BlackElo "2022"]
[Annotator "NA RC"]
[PlyCount "57"]
[EventDate "2024.01.11"]
[EventType "tourn"]
[EventCountry "ARM"]
[SourceTitle "playchess.com"]
[Source "ChessBase"]
[SourceQuality "1"]
[TimeControl "40/5400+30:1800+30"]

1. d4 Nf6 2. Nf3 c5 3. d5 b5 4. Bg5 Qb6 5. Bxf6 Qxf6 6. c3 d6 7. e4 a6 8. Nbd2 g5 9. h3 h5 10. a4 g4 11. Ng1 b4 12. cxb4 cxb4 13. Qc2 Nd7 14. Be2 Bg7 15. Rb1 Nc5 16. Nb3 Ra7 17. Nxc5 Rc7 18. Qb3 Rxc5 19. Qxb4 O-O 20. hxg4 hxg4 21. Bd3 Qe5 22. Ne2 f5 23. Rh5 Bd7 24. Qd2 Be8 25. Rxf5 Rxf5 26. exf5 Qxd5 27. b4 Rc7 28. f6 Bxf6 29. Bh7+ 1-0

[Event "79th Armenian-HL-ch Women 2024"]
[Site "Yerevan"]
[Date "2024.01.19"]
[Round "8.4"]
[White "Gaboyan, Susanna"]
[Black "Khachatryan, Mariam"]
[Result "1/2-1/2"]
[ECO "E63"]
[WhiteElo "2179"]
[BlackElo "1567"]
[Annotator "RC"]
[PlyCount "137"]
[EventDate "2024.01.11"]
[EventType "tourn"]
[EventCountry "ARM"]
[SourceTitle "playchess.com"]
[Source "ChessBase"]
[SourceQuality "1"]
[TimeControl "40/5400+30:1800+30"]

1. g3 Nf6 2. Bg2 g6 3. c4 Bg7 4. Nc3 O-O 5. d4 d6 6. Nf3 Nc6 7. O-O a6 8. h3 Rb8 9. e4 e5 10. dxe5 dxe5 11. Qxd8 Rxd8 12. Bg5 Re8 13. Nd5 Nxe4 14. Nxc7 Nxg5 15. Nxg5 Rd8 16. Bd5 Rf8 17. f4 Nd8 18. Rae1 e4 19. Kg2 Bxb2 20. Rb1 Bg7 21. Nxa6 Ra8 22. Nb4 e3 23. Rb3 Re8 24. Re1 e2 25. Ne4 Ne6 26. Rxe2 Kf8 27. Rd3 f5 28. Ng5 Nxf4+ 29. gxf4 Rxe2+ 30. Kf3 Re7 31. Nxh7+ Ke8 32. Ng5 Bf6 33. h4 Bxg5 34. fxg5 Be6 35. a3 Rc8 36. Rd4 Kf7 37. Kf4 Bxd5 38. cxd5 Re4+ 39. Rxe4 fxe4 40. Kxe4 Rc4+ 41. Ke5 Rxh4 42. d6 Rh1 43. d7 Ke7 44. d8=Q+ Kxd8 45. Kf6 Rh3 46. Kxg6 Rxa3 47. Kg7 Rb3 48. Nc2 Ke7 49. g6 Rh3 50. Nd4 Rh5 51. Nb3 b5 52. Nd4 Rd5 53. Nc6+ Kd6 54. Nb4 Rd4 55. Nc2 Rf4 56. Kg8 Ke6 57. g7 Ke7 58. Ne3 Rf3 59. Nd5+ Kd6 60. Nb4 Kc5 61. Na6+ Kc4 62. Kh7 Rh3+ 63. Kg6 Rg3+ 64. Kf7 Rf3+ 65. Ke7 Rg3 66. Kf7 b4 67. Nxb4 Kxb4 68. g8=Q Rxg8 69. Kxg8 1/2-1/2

[Event "79th Armenian-HL-ch Women 2024"]
[Site "Yerevan"]
[Date "2024.01.20"]
[Round "9.1"]
[White "Khachatryan, Mariam"]
[Black "Stepanyan, Alvard"]
[Result "1-0"]
[ECO "E26"]
[WhiteElo "1567"]
[BlackElo "1514"]
[Annotator "NA"]
[PlyCount "63"]
[EventDate "2024.01.11"]
[EventType "tourn"]
[EventCountry "ARM"]
[SourceTitle "playchess.com"]
[Source "ChessBase"]
[SourceQuality "1"]
[TimeControl "40/5400+30:1800+30"]

1. d4 Nf6 2. c4 e6 3. Nc3 Bb4 4. e3 O-O 5. a3 Bxc3+ 6. bxc3 c5 7. Ne2 b6 8. Ng3 Bb7 9. f3 Qc7 10. e4 d6 11. d5 b5 12. Bf4 Ne8 13. Qb3 e5 14. Bd2 bxc4 15. Bxc4 Nd7 16. O-O Rb8 17. Qc2 Nb6 18. Be2 Nf6 19. f4 Nbd7 20. fxe5 Nxe5 21. Rxf6 gxf6 22. Bh6 Rfd8 23. Nh5 Qe7 24. Rf1 Nd7 25. Qd3 Ne5 26. Qg3+ Ng6 27. Nxf6+ Kh8 28. Qh3 Rg8 29. Bg5 Rg7 30. Qh6 Qe5 31. Nh5 Rbg8 32. Bf6 1-0

[Event "79th Armenian-HL-ch Women 2024"]
[Site "Yerevan"]
[Date "2024.01.20"]
[Round "9.2"]
[White "Khachatryan, Anna"]
[Black "Grigoryan, Arpine"]
[Result "1-0"]
[ECO "D37"]
[WhiteElo "2022"]
[BlackElo "2025"]
[Annotator "NA"]
[PlyCount "107"]
[EventDate "2024.01.11"]
[EventType "tourn"]
[EventCountry "ARM"]
[SourceTitle "playchess.com"]
[Source "ChessBase"]
[SourceQuality "1"]
[TimeControl "40/5400+30:1800+30"]

1. d4 d5 2. c4 e6 3. Nf3 Nf6 4. Nc3 Be7 5. Bf4 O-O 6. e3 h6 7. a3 Bd6 8. Bxd6 cxd6 9. cxd5 Nxd5 10. Nxd5 exd5 11. Bd3 Nc6 12. h3 f5 13. g3 Be6 14. Nh4 Qf6 15. Ng2 Rac8 16. h4 Rfe8 17. h5 Bf7 18. Kf1 Na5 19. Rh4 Nc4 20. Ra2 Be6 21. b3 Na5 22. Rc2 Rxc2 23. Bxc2 Nc6 24. Nf4 Ne7 25. Kg2 g5 26. hxg6 Nxg6 27. Nxg6 Qxg6 28. Qh5 Kh7 29. Qe2 Kg7 30. Bd3 Rc8 31. Qd2 Qf6 32. Rf4 Qe7 33. Kh2 Rf8 34. Qa5 b6 35. Qb4 Qc7 36. Kg2 Qd7 37. Ba6 Qc7 38. Qd2 Qc6 39. a4 Qc7 40. Rh4 Rf6 41. Rh1 Qd8 42. Rc1 Rf7 43. Qc3 Qg5 44. Bc8 Qe7 45. Bxe6 Qxe6 46. Qc8 Qe7 47. Qb8 h5 48. Rc8 h4 49. Rg8+ Kh6 50. Rh8+ Rh7 51. Re8 Qc7 52. Re6+ Kg5 53. Qg8+ Rg7 54. Qh8 1-0

[Event "79th Armenian-HL-ch Women 2024"]
[Site "Yerevan"]
[Date "2024.01.20"]
[Round "9.3"]
[White "Harutyunyan, Meline"]
[Black "Gaboyan, Susanna"]
[Result "0-1"]
[ECO "A35"]
[WhiteElo "1536"]
[BlackElo "2179"]
[Annotator "RC"]
[PlyCount "87"]
[EventDate "2024.01.11"]
[EventType "tourn"]
[EventCountry "ARM"]
[SourceTitle "playchess.com"]
[Source "ChessBase"]
[SourceQuality "1"]
[TimeControl "40/5400+30:1800+30"]

1. d4 Nf6 2. c4 g6 3. Nf3 Bg7 4. Nc3 d5 5. e3 O-O 6. Be2 c5 7. O-O cxd4 8. Nxd4 Nc6 9. cxd5 Nxd5 10. Nxd5 Qxd5 11. Bf3 Qc4 12. Nxc6 bxc6 13. Qb3 Ba6 14. Re1 Qxb3 15. axb3 Bb5 16. e4 Bd4 17. Be3 Bxb2 18. Rxa7 Rxa7 19. Bxa7 Ra8 20. Bc5 e5 21. h3 Bd4 22. b4 Ra2 23. Rc1 h5 24. h4 Kg7 25. g3 Kf6 26. Bg2 Rd2 27. Bf1 Rxf2 28. Bxd4 Rxf1+ 29. Rxf1+ Bxf1 30. Bc5 Bd3 31. Kf2 Bxe4 32. Bf8 Kf5 33. Bh6 Bd5 34. Bg5 f6 35. Bh6 g5 36. Bg7 gxh4 37. gxh4 Ke6 38. Bh6 f5 39. Ke3 f4+ 40. Kf2 Kf5 41. Bg5 e4 42. Ke2 e3 43. Kd3 Bc4+ 44. Kc2 0-1

[Event "79th Armenian-HL-ch Women 2024"]
[Site "Yerevan"]
[Date "2024.01.20"]
[Round "9.4"]
[White "Kobak, Polina"]
[Black "Gasparyan, Milena"]
[Result "1/2-1/2"]
[ECO "E11"]
[WhiteElo "2120"]
[BlackElo "1802"]
[Annotator "NA RC"]
[PlyCount "70"]
[EventDate "2024.01.11"]
[EventType "tourn"]
[EventCountry "ARM"]
[SourceTitle "playchess.com"]
[Source "ChessBase"]
[SourceQuality "1"]
[TimeControl "40/5400+30:1800+30"]

1. d4 Nf6 2. c4 e6 3. Nf3 d5 4. g3 Bb4+ 5. Bd2 Be7 6. Bg2 O-O 7. O-O c6 8. Qc2 Nbd7 9. Bf4 h6 10. b3 b6 11. Rd1 Bb7 12. Nc3 Rc8 13. e4 dxe4 14. Nxe4 Nxe4 15. Qxe4 Nf6 16. Qc2 Bd6 17. Bxd6 Qxd6 18. c5 Qe7 19. b4 Nd5 20. a3 a5 21. Ne5 Rfd8 22. Nc4 bxc5 23. bxc5 Ba6 24. Nxa5 Qc7 25. Nb3 Ne7 26. Qc3 Ra8 27. Be4 Bb5 28. Nd2 Ra4 29. Bc2 Raxd4 30. Ne4 Nf5 31. Nd6 Rxd1+ 32. Rxd1 Nxd6 33. cxd6 Rxd6 34. a4 Rxd1+ 35. Bxd1 Ba6 1/2-1/2